 Dungeon Crawl Stone Soup version 0.15-a0-1788-ga796aff (webtiles) character file.

122 zhzh the Skirmisher (level 5, -15/47 HPs)
             Began as a Hill Orc Fighter on June 29, 2014.
             Killed from afar by lennard's ghost (21 damage)
             ... with an orb of energy
             ... on Level 3 of the Dungeon.
             The game lasted 00:05:29 (2118 turns).

zhzh the Skirmisher (Hill Orc Fighter)              Turns: 2118, Time: 00:05:29

HP -15/47        AC  9     Str 19      XL: 5   Next:  6%
MP   5/5         EV  6     Int  8      God:
Gold 80          SH  9     Dex 11      Spells:  0 memorised,  4 levels left

rFire  . . .     SeeInvis .     a - +0 long sword
rCold  . . .     Clarity  .     b - +0 scale mail
rNeg   . . .     rCorr    .     c - +0 shield
rPois  .         rRot     .     k - +0 helmet
rElec  .         Spirit   .     o - +0 cloak
SustAb .         Warding  .     (no gloves)
rMut   .         Stasis   .     (no boots)
Gourm  .                        (no amulet)
MR     .....                    (no ring)
                                (no ring)

@: lethally poisoned, not resistant to hostile enchantments, extremely
unstealthy
A: no striking features
a: no special abilities


You were on level 3 of the Dungeon.
You were full.

You visited 1 branch of the dungeon, and saw 3 of its levels.

You collected 80 gold pieces.

Inventory:

Hand weapons
 a - a +0 long sword (weapon)
 f - a +1 dagger of venom
Armour
 b - a +0 scale mail (worn)
 c - a +0 shield (worn)
 k - a +0 helmet (worn)
 o - a +0 cloak (worn)
Comestibles
 d - 2 meat rations
 h - 3 bread rations
Scrolls
 i - a scroll of fear {unknown}
 j - a scroll of amnesia {unknown}
 l - a scroll of fog {unknown}
 n - a scroll of noise {unknown}
 r - a scroll of random uselessness {unknown}
 s - a scroll of teleportation
 u - a scroll of enchant armour {unknown}
 v - 2 scrolls of remove curse
 w - a scroll of recharging {unknown}
 y - 2 scrolls of identify {unknown}
Potions
 e - a potion of might
 g - a potion of haste {unknown}
 m - a potion of poison {unknown}
 p - a potion of invisibility {unknown}
 q - a potion of magic {unknown}
 x - a potion of degeneration {unknown}
 z - 2 potions of heal wounds
Books
 t - a book of the Tempests

   Spells                             Type                      Level
   Static Discharge                   Conjuration/Air              3
   Lightning Bolt                     Conjuration/Air              5
   Fireball                           Conjuration/Fire             5
   Tornado                            Air                          9
   Shatter                            Earth                        9


   Skills:
 + Level 4.5 Fighting
 + Level 2.9 Long Blades
 + Level 4.0 Armour
 + Level 1.1 Dodging
 + Level 0.1 Stealth
 + Level 4.1 Shields


You had 4 spell levels left.
You didn't know any spells.

Dungeon Overview and Level Annotations

Branches:
Dungeon (3/15)

Altars:
Dithmenos
Makhleb
Nemelex Xobeh
Sif Muna
The Shining One

Annotations:
D:3 lennard's ghost, average OpCj


Message History

Lennard's ghost is moderately damaged.
* * * LOW HITPOINT WARNING * * *
You feel very sick.
Lennard's ghost wails, "You will join me soon!"
Lennard's ghost hits you.
* * * LOW HITPOINT WARNING * * *
You are more poisoned.
You hit lennard's ghost.
Lennard's ghost is heavily damaged.
* * * LOW HITPOINT WARNING * * *
You feel sick.
Lennard's ghost hits you but does no damage.
You are more poisoned.
You hit lennard's ghost.
Lennard's ghost is severely damaged.
* * * LOW HITPOINT WARNING * * *
You feel very sick.
Lennard's ghost gestures at you while chanting.
The orb of energy hits you!
You die...

.........#######...#
....##### #....# ..
###.#### #...# #.###
. ##.# ...
.#######..####..#
........W##....#
#########@%.# #)###
#.# ..# #.## .. #.#
.. .##


You could see lennard's ghost.

Vanquished Creatures
  3 adders (D:2)
  4 gnolls (D:3)
  A giant gecko (D:3)
  3 oozes
  An orc (D:2)
  2 giant cockroaches
  6 hobgoblins
  5 bats
  4 giant newts
  12 goblins
  5 kobolds
  12 rats
58 creatures vanquished.

Notes
Turn   | Place    | Note
--------------------------------------------------------------
     0 | D:1      | zhzh, the Hill Orc Fighter, began the quest for the Orb.
     0 | D:1      | Reached XP level 1. HP: 19/19 MP: 1/1
   137 | D:1      | Reached XP level 2. HP: 18/27 MP: 2/2
   668 | D:1      | Reached XP level 3. HP: 33/33 MP: 3/3
   964 | D:2      | Reached skill level 4 in Fighting
  1168 | D:2      | Found a sparkling altar of Nemelex Xobeh.
  1230 | D:2      | Found a burning altar of Makhleb.
  1283 | D:2      | Reached XP level 4. HP: 27/40 MP: 4/4
  1694 | D:2      | Found a glowing golden altar of the Shining One.
  1694 | D:2      | Found a deep blue altar of Sif Muna.
  1718 | D:2      | Found a shadowy altar of Dithmenos.
  1879 | D:3      | Reached skill level 1 in Dodging
  1990 | D:3      | Reached XP level 5. HP: 10/47 MP: 5/5
  2108 | D:3      | Noticed lennard's ghost (average OpCj)
  2118 | D:3      | Killed from afar by lennard's ghost

Action                   |  1- 3 |  4- 6 || total
-------------------------+-------+-------++-------
Melee: Long sword        |   138 |   107 ||   245
  Use: Scroll            |       |     2 ||     2
       Potion            |       |     1 ||     1
